 Dungeon Crawl Stone Soup version 0.24-a0-284-g9fb9971df1 (webtiles) character file.

Game seed: 12445624859162260978

28373 Esekla the Slicer (level 13, -3/98 HPs)
             Began as a Demonspawn Wanderer on May 4, 2019.
             Was a High Priest of Makhleb.
             Slain by a naga warrior
             ... wielding a +0 battleaxe
              (25 damage)
             ... on level 1 of the Snake Pit.
             The game lasted 03:19:45 (15299 turns).

Esekla the Slicer (Demonspawn Wanderer)            Turns: 15299, Time: 03:19:46

Health: -3/98      AC: 18    Str: 18    XL:     13   Next: 9%
Magic:  4/14       EV: 10    Int: 15    God:    Makhleb [*****.]
Gold:   1502       SH: 17    Dex: 11    Spells: 1/14 levels left

rFire    + + .     SeeInvis .   R - +6 falchion (freeze)
rCold    . . .     Gourm    .   H - +3 large shield {AC+3}
rNeg     + . .     Faith    .   n - +1 scale mail {rPois}
rPois    +         Spirit   .   k - +0 helmet
rElec    .         Reflect  .   D - +0 cloak
rCorr    .         Harm     .   (no gloves)
MR       +....                  K - +0 pair of boots
Stlth    +++.......             r - amulet of the Last Stars {MR+ Regen+}
HPRegen  0.66/turn              m - ring of protection from fire
MPRegen  0.14/turn              V - ring "Ytawipo" {Fire rN+ Stlth+}

@: no status effects
A: hooves 2, iridescent scales 2, cold resistance 1, icemail, nightstalker 2,
freezing cloud immunity
a: Minor Destruction, Lesser Servant of Makhleb, Major Destruction, Greater
Servant of Makhleb, Renounce Religion


You were on level 1 of the Snake Pit.
You worshipped Makhleb.
Makhleb was extremely pleased with you.
You were hungry.

You visited 4 branches of the dungeon, and saw 15 of its levels.
You also visited: Ossuary and Ice Cave.

You collected 1502 gold pieces.

Inventory:

Hand Weapons
 c - a +1 trident of piercing
 x - a +2 vampiric hand axe
 B - a +4 hand axe
 N - a +0 short sword of venom
 P - a +2 war axe of electrocution
 Q - a +3 short sword
 R - a +6 falchion of freezing (weapon)
 T - a +4 scimitar of flaming
Missiles
 A - 2 javelins of penetration
 G - 10 tomahawks (quivered)
Armour
 k - a +0 helmet (worn)
 n - a +1 scale mail of poison resistance (worn)
 D - a +0 cloak (worn)
 H - a +3 large shield of protection (worn)
 K - a +0 pair of boots (worn)
 S - a +1 robe of resistance
Jewellery
 a - an uncursed ring of protection from cold
 m - a ring of protection from fire (left hand)
 r - the amulet of the Last Stars (around neck) {MR+ Regen+}
   (You found it in an ice cave)

   [amulet of regeneration]

   It affects your resistance to hostile enchantments.
   It increases your rate of regeneration.
 v - an uncursed amulet of the gourmand
 L - an uncursed ring of protection from fire
 O - an uncursed ring of magical power
 V - the ring "Ytawipo" (right hand) {Fire rN+ Stlth+}
   (You found it on level 8 of the Dungeon)

   [ring of fire]

   It enhances your fire magic.
   It protects you from fire.
   It makes you vulnerable to cold.
   It protects you from negative energy.
   It makes you more stealthy.
 W - an uncursed ring of positive energy
 Z - a +2 ring of evasion
Wands
 d - a wand of enslavement (8)
 y - a wand of iceblast (9)
 C - a wand of polymorph (11)
 E - a wand of clouds (7)
 X - a wand of acid (10)
 Y - a wand of flame (24)
Scrolls
 b - 5 scrolls of teleportation
 h - 6 scrolls of fear
 o - 10 scrolls of remove curse
 p - a scroll of amnesia
 q - 3 scrolls of enchant armour
 s - 3 scrolls of magic mapping
 J - 4 scrolls of enchant weapon
 M - 3 scrolls of fog
Potions
 e - 2 potions of resistance
 g - a potion of might
 i - 2 potions of heal wounds
 j - 2 potions of haste
 l - 3 potions of magic
 t - 6 potions of flight
 u - a potion of lignification
 z - a potion of ambrosia
 F - 2 potions of agility
 I - 4 potions of invisibility
Miscellaneous
 U - 2 sacks of spiders
Comestibles
 f - 17 rations


   Skills:
 - Level 8.2 Fighting
 - Level 12.0(12.9) Short Blades
 * Level 8.6(11.4) Long Blades
 * Level 6.0 Axes
 * Level 3.0 Armour
 + Level 9.0 Dodging
 - Level 1.3 Stealth
 + Level 6.0 Shields
 * Level 1.2 Spellcasting
 * Level 1.4 Conjurations
 * Level 1.3 Hexes
 * Level 0.2 Charms
 * Level 0.2 Air Magic
 + Level 0.1 Evocations


You had one spell level left.
You knew the following spells:

 Your Spells              Type           Power        Failure   Level  Hunger
a - Dazzling Spray        Conj/Hex       #.....       100%        3    ####...
b - Tukima's Dance        Hex            #.......     100%        3    ####...
c - Corona                Hex            #......      99%         1    ##.....
d - Deflect Missiles      Chrm/Air       #.........   100%        6    #######

Your spell library contained the following spells:

 Spells                   Type           Power        Failure   Level  Hunger
 Beastly Appendage        Tmut           #.....       100%        1    ##.....
 Infusion                 Chrm           #...         100%        1    ##.....
 Summon Butterflies       Summ           #.......     100%        1    ##.....
 Ensorcelled Hibernation  Hex/Ice        #.....       100%        2    ###....
 Sticks to Snakes         Tmut           #.......     100%        2    ###....
 Swiftness                Chrm/Air       #.......     100%        2    ###....
 Call Canine Familiar     Summ           #.......     100%        3    ####...
 Confuse                  Hex            #.......     100%        3    ####...
 Regeneration             Chrm/Necr      #.........   100%        3    ####...
 Spider Form              Tmut/Pois      #.........   100%        3    ####...
 Ice Form                 Ice/Tmut       #.......     100%        4    #####..
 Summon Ice Beast         Ice/Summ       #.......     100%        4    #####..
 Alistair's Intoxication  Tmut/Pois      #.......     100%        5    ######.
 Blade Hands              Tmut           #.........   100%        5    ######.
 Summon Mana Viper        Hex/Summ       #.......     100%        5    ######.
 Summon Hydra             Summ           #.........   100%        7    #######


Dungeon Overview and Level Annotations

Branches:
Dungeon (10/15)            Temple (1/1) D:7            Lair (3/6) D:10
  Swamp (0/4) Lair:3        Snake (1/4) Lair:3
    Orc: D:9-12

Altars:
Ashenzari
Cheibriados
Dithmenos
Elyvilon
Fedhas
Gozag
Hepliaklqana
Kikubaaqudgha
Makhleb
Nemelex Xobeh
Okawaru
Qazlal
Ru
Sif Muna
Trog
Uskayaw
Vehumet
Wu Jian
Xom
Yredelemnul
Zin
The Shining One

Annotations:
D:4 Dowan
D:5 2 transporters, 1 runed translucent door, dleb1993's ghost, novice DDFi
Lair:2 2 transporters, Ajaburav's ghost, journeyman TrHu


Innate Abilities, Weirdness & Mutations

You have hoof-like feet.
You are mostly covered in iridescent scales. (AC +4)
Your flesh is cold resistant. (rC+)
A meltable icy envelope protects you from harm. (AC +0)
You are significantly more attuned to the shadows.
You are immune to freezing clouds.


Message History

You block the naga warrior's attack.
* * * LOW HITPOINT WARNING * * *
The naga warrior constricts you. The naga barely misses you.
You feel much better.
You feel sick. The naga warrior spits poison at you.
The splash of poison hits you. You resist. You block the naga warrior's attack.
The naga warrior constricts you. You block the naga warrior's attack.
The naga spits poison at you. The splash of poison misses you.
You escape the naga warrior's grasp.
You feel sick.
The naga warrior hits you with a +0 battleaxe!!
* * * LOW HITPOINT WARNING * * *
You block the naga warrior's attack.
You feel better. The naga warrior spits poison at you.
The splash of poison hits you but does no damage.
You resist.
The naga warrior hits you with a +0 battleaxe!!
You die...

)....#†.##...#.## #...#
#....)..##...#.## ###.###
##......#####...# #...# #
###....## #...#
#.########.##. ##....##
#...###.# #........#
....#.# #...##..#
#........# ....#.####
##.....####........#
.........#
###..........###...
...##.##.#####..@..########
.. .####.##..##....NN.# .#
#...#......NN..# .#
#...#..........# .#
#.....#.......(# #### .#
##...#...##.#..# ####...#
.# #....#...##..(.#
#......# ...
#...##...###.#(###......#
..(
#...######.....(>N(......


You could see 3 naga warriors and a naga.

Vanquished Creatures
  A hydra (Lair:1)
  2 ice dragons (IceCv)
  An anaconda (Snake:1)
  2 two-headed ogres (D:8)
  Pikel (D:4)
  A mana viper (Snake:1)
  3 salamanders (Snake:1)
  6 black mambas
  2 ice statues (IceCv)
  A gargoyle (D:10)
  6 spiny frogs
  A torpor snail (Lair:2)
  A komodo dragon (Lair:1)
  3 rime drakes
  An efreet (D:8)
  A troll (D:8)
  A polar bear (Lair:3)
  Prince Ribbit (D:8)
  Grinder (D:4)
  A hippogriff (Lair:3)
  2 bog bodies (Lair:3)
  4 wyverns
  A human (D:9)
  25 yaks
  5 basilisks
  3 hungry ghosts
  3 nagas
  A soldier ant (D:8)
  Edmund (D:4)
  Duvessa (D:4)
  5 porcupines
  8 water moccasins
  4 orc warriors
  A slave (D:3)
  16 ice beasts
  A black bear (D:10)
  2 sky beasts (D:8)
  A necrophage (D:9)
  3 ogres
  9 crocodiles
  13 wolves
  2 centaurs (D:8)
  15 bullfrogs
  A water moccasin zombie (Ossuary)
  7 scorpions
  7 wights
  3 howler monkeys
  An electric eel (Lair:3)
  6 crimson imps
  3 bullfrog zombies
  4 hounds
  A jelly (D:7)
  5 orc priests
  Crazy Yiuf (D:6)
  Terence (D:2)
  10 orc wizards
  5 iguanas
  4 worker ants
  4 big kobold zombies (Ossuary)
  2 mummies (Ossuary)
  2 hound zombies
  A hound skeleton (D:3)
  2 worker ant zombies
  9 adders
  2 shadow imps
  An ooze (D:4)
  9 adder zombies
  4 adder skeletons
  2 worms (D:2)
  3 dart slugs
  4 leopard geckos
  27 orcs
  A ball python (D:1)
  8 giant cockroaches
  3 gnoll zombies (Ossuary)
  5 goblins
  9 hobgoblins
  21 jackals
  9 kobolds
  4 quokkas
  6 bats
  5 hobgoblin zombies (Ossuary)
  A jackal skeleton (D:6)
  7 kobold zombies (Ossuary)
  4 orc zombies (Ossuary)
  8 rats
385 creatures vanquished.

Vanquished Creatures (others)
  A slave (D:4)
  3 fungi
  8 plants
12 creatures vanquished.

Grand Total: 397 creatures vanquished

Notes
Turn   | Place    | Note
-------+----------+-------------------------------------------
     0 | D:1      | Esekla the Demonspawn Wanderer began the quest for the Orb.
     0 | D:1      | Esekla set off with the following items: a +2 short sword,
                  | a scroll of teleportation, a +0 hand axe, a +0 robe, a
                  | ration
     0 | D:1      | Reached XP level 1. HP: 21/21 MP: 1/1
   147 | D:1      | Gained mutation: Your flesh is cold resistant. (rC+)
                  | [demonic ancestry]
   147 | D:1      | Reached XP level 2. HP: 12/27 MP: 2/2
   676 | D:1      | Gained mutation: You are immune to freezing clouds.
                  | [demonic ancestry]
   676 | D:1      | Reached XP level 3. HP: 27/33 MP: 3/3
  1138 | D:2      | Noticed Terence
  1392 | D:2      | Reached skill level 2 in Short Blades
  1523 | D:2      | Gained mutation: A meltable icy envelope protects you from
                  | harm. (AC +0) [demonic ancestry]
  1523 | D:2      | Reached XP level 4. HP: 36/39 MP: 4/4
  1981 | D:2      | Killed Terence
  2263 | D:3      | You fall through a shaft for 2 floors!
  2263 | D:5      | Entered Level 5 of the Dungeon
  2282 | D:5      | Reached skill level 3 in Short Blades
  2282 | D:5      | Gained mutation: You are slightly more attuned to the
                  | shadows. [demonic ancestry]
  2282 | D:5      | Reached XP level 5. HP: 45/45 MP: 5/5
  2478 | D:4      | Noticed Duvessa
  2478 | D:4      | Noticed Dowan
  2507 | D:3      | Reached skill level 4 in Short Blades
  2714 | D:3      | Found a blossoming altar of Fedhas.
  2837 | D:3      | Gained mutation: You have large cloven feet. [demonic
                  | ancestry]
  2837 | D:3      | Reached XP level 6. HP: 48/52 MP: 6/6
  3169 | D:4      | Noticed Grinder
  3197 | D:4      | Killed Grinder
  3197 | D:4      | Reached skill level 5 in Short Blades
  3361 | D:4      | Noticed Edmund
  3677 | D:4      | Reached XP level 7. HP: 55/57 MP: 7/7
  3811 | D:4      | Killed Duvessa
  4021 | D:4      | Noticed Pikel
  4061 | D:4      | Killed Pikel
  4061 | D:4      | Reached skill level 7 in Short Blades
  4061 | D:4      | Reached XP level 8. HP: 34/64 MP: 8/8
  4235 | D:5      | Found a transporter.
  4328 | D:5      | Found a transporter.
  4628 | D:4      | Killed Edmund
  4795 | D:5      | Found a runed translucent door.
  4842 | D:5      | Noticed dleb1993's ghost (novice DDFi)
  4863 | D:5      | Reached skill level 5 in Dodging
  4961 | D:5      | Found a snail-covered altar of Cheibriados.
  5391 | D:6      | Found a blossoming altar of Fedhas.
  5441 | D:6      | Found a runed translucent door.
  5679 | D:6      | Reached skill level 8 in Short Blades
  6202 | D:6      | Gained mutation: You are partially covered in iridescent
                  | scales. (AC +2) [demonic ancestry]
  6202 | D:6      | Reached XP level 9. HP: 64/71 MP: 9/9
  6234 | D:6      | Noticed Crazy Yiuf
  6243 | D:6      | Killed Crazy Yiuf
  6862 | D:7      | Found a staircase to the Ecumenical Temple.
  6887 | Temple   | Entered the Ecumenical Temple
  6927 | Temple   | Became a worshipper of Makhleb the Destroyer
  6992 | D:7      | You fall through a shaft for 3 floors!
  6992 | D:10     | Entered Level 10 of the Dungeon
  7054 | D:10     | Reached skill level 9 in Short Blades
  7112 | D:10     | Noticed a gargoyle
  7707 | D:8      | Noticed Prince Ribbit
  7785 | D:8      | Found a sand-covered staircase.
  7789 | Ossuary  | Entered an ossuary
  7807 | Ossuary  | Reached * piety under Makhleb
  8052 | Ossuary  | Reached skill level 10 in Short Blades
  8080 | Ossuary  | Reached ** piety under Makhleb
  8904 | D:8      | Gained mutation: You have hoof-like feet. [demonic
                  | ancestry]
  8904 | D:8      | Reached XP level 10. HP: 75/79 MP: 10/10
  8951 | D:8      | Killed Prince Ribbit
  8974 | D:8      | Found a large runed translucent door.
  8974 | D:8      | Found a large runed translucent door.
  9011 | D:8      | Noticed a two-headed ogre
  9042 | D:8      | Killed a two-headed ogre
  9042 | D:8      | Reached skill level 11 in Short Blades
  9423 | D:8      | Found a large runed translucent door.
  9423 | D:8      | Found a large runed translucent door.
  9504 | D:8      | Noticed a two-headed ogre
  9527 | D:8      | Killed a two-headed ogre
  9940 | D:8      | Got a pitted lapis lazuli ring
  9943 | D:8      | Identified the ring "Ytawipo" {Fire rN+ Stlth+} (You found
                  | it on level 8 of the Dungeon)
 10557 | D:10     | Reached XP level 11. HP: 64/86 MP: 11/11
 10660 | D:10     | Reached *** piety under Makhleb
 11406 | D:10     | Identified a scroll of acquirement
 11630 | D:10     | Found a staircase to the Lair.
 11693 | Lair:1   | Entered Level 1 of the Lair of Beasts
 11709 | D:10     | Reached skill level 1 in Long Blades
 11717 | D:10     | Reached skill level 12 in Short Blades
 11828 | Lair:1   | Reached **** piety under Makhleb
 11865 | Lair:1   | Found a frozen archway.
 11874 | IceCv    | Entered an ice cave
 12264 | IceCv    | Noticed an ice dragon
 12264 | IceCv    | Noticed an ice dragon
 12290 | IceCv    | Killed an ice dragon
 12290 | IceCv    | Reached skill level 5 in Axes
 12304 | IceCv    | Killed an ice dragon
 12304 | IceCv    | Reached skill level 5 in Long Blades
 12304 | IceCv    | Gained mutation: You are mostly covered in iridescent
                  | scales. (AC +4) [demonic ancestry]
 12304 | IceCv    | Reached XP level 12. HP: 87/93 MP: 12/12
 12381 | IceCv    | Got a wavering copper amulet
 12383 | IceCv    | Identified the amulet of the Last Stars {MR+ Regen+} (You
                  | found it in an ice cave)
 12683 | Lair:1   | Noticed a seven-headed hydra
 13125 | Lair:1   | Killed a two-headed hydra
 13194 | Lair:2   | Found a transporter.
 13198 | Lair:2   | Noticed Ajaburav's ghost (journeyman TrHu)
 13303 | Lair:2   | Reached skill level 1 in Armour
 13338 | Lair:2   | Reached ***** piety under Makhleb
 13462 | Lair:2   | Reached skill level 5 in Shields
 13880 | Lair:2   | Found a transporter.
 14098 | Lair:3   | Found a staircase to the Snake Pit.
 14293 | Lair:3   | Found a staircase to the Swamp.
 14472 | Lair:3   | Learned a level 1 spell: Corona
 14476 | Lair:3   | Learned a level 3 spell: Tukima's Dance
 14480 | Lair:3   | Learned a level 3 spell: Dazzling Spray
 15018 | Snake:1  | Entered Level 1 of the Snake Pit
 15101 | Snake:1  | Noticed an anaconda
 15140 | Snake:1  | Killed an anaconda
 15140 | Snake:1  | Reached skill level 1 in Conjurations
 15140 | Snake:1  | Reached skill level 1 in Hexes
 15148 | Snake:1  | Gained mutation: You are significantly more attuned to the
                  | shadows. [demonic ancestry]
 15148 | Snake:1  | Reached XP level 13. HP: 77/98 MP: 14/14
 15177 | Snake:1  | Reached skill level 1 in Spellcasting
 15201 | Snake:1  | Identified the Compendium of Virous Boosts
 15237 | Snake:1  | Learned a level 6 spell: Deflect Missiles
 15299 | Snake:1  | Slain by a naga warrior

Levels and vault maps discovered:
D:1:      minmay_arrival_four_houses, layout_loops_ring
D:2:      layout_loops_corners, minmay_tromino_mix6, uniq_terence
D:3:      layout_rooms, lemuel_coloured_pillars_altar, grunt_ministairs_9
D:4:      layout_basic, uniq_grinder, uniq_duvessa, uniq_edmund, uniq_pikel
D:5:      gammafunk_steamed_eel, layout_loops_ring, ebering_ghost_sewer_d,
          first_ration, kennysheep_slug_shrine
D:6:      layout_basic, basic_altar, uniq_crazy_yiuf_cottage
D:7:      layout_gridville, minmay_temple_entry_glassed_door
D:8:      layout_basic, nicolae_ossuary_entry_plus,
          minmay_hollow_rounded_squares, uniq_prince_ribbit1
D:9:      layout_irregular_city, grunt_pizzeria
D:10:     layout_stronghold, minmay_lair_entry_grove
Temple:   dpeg_three_leaves_temple
Lair:1:   cheibrodos_lair_river_kwai, layout_long_grid,
          portal_ice_cave_entry_pillars_2
Lair:2:   layout_regular_city, serial_forest, infiniplex_forest_clump_double,
          infiniplex_forest_lined_2, infiniplex_forest_3_way,
          infiniplex_forest_straight_4, infiniplex_forest_straight_2,
          infiniplex_forest_clump_small, infiniplex_forest_zigzag_1,
          infiniplex_forest_end_1, gammafunk_ghost_berserking_beasts,
          minivault_11, beast_lair_carwin_8
Lair:3:   layout_cave_pods, nicolae_swamp_entry_splash_gauntlet,
          guppyfry_snake_entry_garden
Snake:1:  layout_misc_corridors, serial_shops, shop_fountains, abandoned_shop

Skill      XL: |  1  2  3  4  5  6  7  8  9 10 11 12 13 |
---------------+----------------------------------------+-----
Short Blades   | 2 3 4 5 7 8 10 11 12 | 12.0
Dodging        | 2 3 4 5 6 7 8 9 |  9.0
Fighting       | 6 7 8 |  8.2
Axes           | 5 6 |  6.0
Long Blades    | 5 8 |  8.6
Shields        | 4 5 6 |  6.0
Armour         | 2 3 |  3.0
Conjurations   | 1 |  1.4
Hexes          | 1 |  1.3
Spellcasting   | 1 |  1.2
Stealth        | |  1.3
Charms         | |  0.2
Air Magic      | |  0.2
Evocations     | |  0.1

Action                   |  1- 3 |  4- 6 |  7- 9 | 10-12 | 13-15 || total
-------------------------+-------+-------+-------+-------+-------++-------
Melee: Short sword       |   124 |   210 |   830 |   209 |     4 ||  1377
       Kick              |       |     6 |   111 |       |       ||   117
       Trident           |       |       |     2 |       |       ||     2
       Hand axe          |       |       |       |   184 |       ||   184
       Falchion          |       |       |       |   284 |    38 ||   322
       War axe           |       |       |       |    13 |       ||    13
       Scimitar          |       |       |       |   285 |       ||   285
Throw: Javelin           |       |       |     2 |       |       ||     2
       Tomahawk          |       |       |    17 |    22 |       ||    39
Evoke: Wand              |       |       |       |     4 |       ||     4
  Use: Scroll            |       |     6 |    11 |    14 |       ||    31
       Potion            |       |     1 |     2 |     6 |     2 ||    11
 Stab: Sleeping          |     1 |     4 |    18 |     9 |     1 ||    33
       Distracted        |       |       |     1 |     1 |       ||     2
  Eat: Ration            |     1 |     1 |     5 |     3 |       ||    10
       Chunk             |       |     3 |    12 |    27 |     1 ||    43
Armor: Robe              |    30 |    81 |   189 |   211 |       ||   511
       Skin              |       |       |       |    13 |       ||    13
       Scale mail        |       |       |       |   112 |    17 ||   129
Dodge: Dodged            |    66 |    92 |   313 |   402 |    12 ||   885
Block: Large shield      |       |       |       |   493 |    40 ||   533
       Rpst.: Falchion   |       |       |       |    22 |     4 ||    26
       Scimitar          |       |       |       |    32 |       ||    32

Table legend:
 A = Non-vault XP
 B = Vault XP
 C = Vault XP percentage of total XP
 D = Non-vault monster count
 E = Vault monster count
 F = Vault count percentage of total count
                 A         B        C        D         E       F
            +---------+---------+-------+---------+---------+-------
      Total |   23286 |   17248 |  42.6 |     270 |     114 |  29.7
            +---------+---------+-------+---------+---------+-------
        D:1 |      46 |       0 |   0.0 |      26 |       0 |   0.0
        D:2 |      61 |      43 |  41.3 |      17 |       4 |  19.0
        D:3 |     100 |      13 |  11.5 |      22 |       1 |   4.3
        D:4 |     205 |    1237 |  85.8 |       7 |       4 |  36.4
        D:5 |     540 |       4 |   0.7 |      24 |       1 |   4.0
        D:6 |     576 |      42 |   6.8 |      26 |       1 |   3.7
        D:7 |     600 |       0 |   0.0 |      17 |       0 |   0.0
        D:8 |    1850 |    3427 |  64.9 |      21 |      17 |  44.7
        D:9 |    1100 |     207 |  15.8 |      22 |       1 |   4.3
       D:10 |    3169 |    2854 |  47.4 |      24 |      15 |  38.5
     Lair:1 |    1285 |    1307 |  50.4 |       9 |       4 |  30.8
     Lair:2 |    5568 |    1503 |  21.3 |      29 |       8 |  21.6
     Lair:3 |    3138 |     914 |  22.6 |      16 |       5 |  23.8
    Snake:1 |    5048 |       0 |   0.0 |      10 |       0 |   0.0
    Ossuary |       0 |     280 | 100.0 |       0 |      33 | 100.0
      IceCv |       0 |    5417 | 100.0 |       0 |      20 | 100.0
            +---------+---------+-------+---------+---------+-------
